 Dungeon Crawl Stone Soup version 0.31-a0-692-gf03d1854d5 (webtiles) character file.

Game seed: 8260377800081187407

98 qw the Shooter (level 4, 0/28 HPs)
             Began as a Gargoyle Hunter on Sept 6, 2023.
             Slain by an adder (3 damage)
             ... on level 2 of the Dungeon.
             The game lasted 00:00:38 (1031 turns).

qw the Shooter (Gargoyle Hunter)                    Turns: 1031, Time: 00:00:39

Health: 0/28       AC:  8    Str: 15    XL:     4   Next: 71%
Magic:  4/4        EV: 11    Int:  9    God:
Gold:   129        SH:  0    Dex: 15    Spells: 3/3 levels left

rFire   . . .        a - +0 shortbow
rCold   . . .        (shield currently unavailable)
rNeg    + . .        d - +0 ring mail
rPois   inf          (no helmet)
rElec   +            (no cloak)
rCorr   .            (no gloves)
SInv    .            (no boots)
Will    .....        (no amulet)
Stlth   +            (no ring)
HPRegen 0.24/turn    (no ring)
MPRegen 0.09/turn

%: no passive effects
@: no status effects
A: sickness immunity, AC +3, negative energy resistance 1, electricity
resistance, torment resistance 1, petrification resistance
a: no special abilities


You were on level 2 of the Dungeon.
You visited 1 branch of the dungeon, and saw 2 of its levels.

You collected 129 gold pieces.


Innate Abilities, Weirdness & Mutations

You are immune to sickness and miasma.
Your stone body is resilient. (AC +3)
You are immune to poison.
You resist negative energy. (rN+)
You are resistant to electric shocks. (rElec)
You are resistant to unholy torment.
You are immune to petrification.


   Skills:
 - Level 3.0 Fighting
 + Level 5.4 Ranged Weapons
 - Level 1.0 Armour
 - Level 1.5 Dodging
 - Level 1.1 Stealth


You had 3 spell levels left.
You didn't know any spells.
Your spell library was empty.

Inventory:

Hand Weapons
 a - a +0 shortbow (weapon)
Armour
 d - a +0 ring mail (worn)
Scrolls
 c - a scroll of vulnerability {unknown}
 f - a scroll of identify {unknown}
 h - a scroll of amnesia {unknown}
Potions
 b - a potion of berserk rage {unknown}
 e - a potion of resistance {unknown}
 g - a potion of attraction {unknown}

Dungeon Overview and Level Annotations

Branches:
Dungeon (2/15)

Altars:
Ashenzari


Message History

The arrow hits Terence but does no damage.
Terence is moderately wounded.
Terence hits you but does no damage. The adder bites you but does no damage.
You shoot an arrow. The arrow barely misses Terence.
The arrow hits the ball python!
You kill the ball python!
The adder bites you but does no damage. Terence hits you but does no damage.
The adder bites you but does no damage. Terence hits you with a +0 short sword.
You shoot an arrow. The arrow barely misses Terence.
The adder closely misses you. Terence closely misses you.
The adder bites you but does no damage.
You shoot an arrow.
The arrow hits Terence but does no damage.
Terence is moderately wounded.
The adder bites you. Terence hits you but does no damage.
You shoot an arrow. The arrow closely misses Terence.
The arrow hits the worm!
The worm is heavily wounded.
The adder barely misses you. Terence closely misses you. The adder misses you.
You shoot an arrow. The arrow hits Terence.
Terence is heavily wounded.
Terence hits you but does no damage. The adder bites you but does no damage.
Terence hits you but does no damage.
You shoot an arrow. The arrow completely misses Terence.
The arrow barely misses the worm.
The adder bites you but does no damage. Terence hits you with a +0 short sword.
The adder barely misses you.
You shoot an arrow. The arrow hits Terence.
Terence is severely wounded.
The adder closely misses you. Terence hits you but does no damage.
You shoot an arrow. The arrow barely misses Terence.
The arrow hits the worm!
The worm is severely wounded.
The adder bites you but does no damage. Terence hits you with a +0 short sword.
The adder completely misses you.
You shoot an arrow. The arrow closely misses Terence.
The arrow hits the worm!
You kill the worm!
Terence misses you. The adder barely misses you.
You shoot an arrow. The arrow hits Terence!
You kill Terence!
The adder bites you but does no damage. The adder bites you.
You die...

.. . .. .> ..
.....####
........##
.....#.%.
......#)###
#)#.#S@..#
..........##
?..........#
####.......#
..........#
.....#.##.#
#.....#.##.##
#.._..#.#...######
................#


You could see an adder.

Vanquished Creatures
  An orc wizard (D:2)
  Terence (D:2)
  2 worms (D:2)
  2 dart slugs
  2 orcs (D:2)
  6 ball pythons
  8 bats
  4 endoplasms (D:1)
  7 giant cockroaches (D:1)
  5 goblins (D:1)
  6 hobgoblins
  2 quokkas
  3 frilled lizards (D:1)
  3 kobolds
  4 rats (D:1)
56 creatures vanquished.

Notes
Turn   | Place    | Note
-------+----------+-------------------------------------------
     0 | D:1      | qw the Gargoyle Hunter began the quest for the Orb.
     0 | D:1      | Reached XP level 1. HP: 12/12 MP: 1/1
     0 | D:1      | 0 ||| qw: Version: 0.3-a-76-g4403597
     0 | D:1      | 0 ||| qw: Game counter: 239
     0 | D:1      | 0 ||| qw: Melee chars always use a shield: true
     0 | D:1      | 0 ||| qw: God list: Okawaru
     0 | D:1      | 0 ||| qw: Allow faded altars: false
     0 | D:1      | 0 ||| qw: Do Orc after clearing Dungeon:15 true
     0 | D:1      | 0 ||| qw: Do second Lair branch before Depths: true
     0 | D:1      | 0 ||| qw: Lair rune preference: random
     0 | D:1      | 0 ||| qw: Goals: Normal
     0 | D:1      | 0 ||| PLANNING D:1-11
    80 | D:1      | 80 ||| Stepping ~*~*~tactically~*~*~ (retreating).
    88 | D:1      | Reached XP level 2. HP: 17/17 MP: 2/2
   205 | D:1      | Reached XP level 3. HP: 21/21 MP: 3/3
   216 | D:1      | Reached skill level 5 in Ranged Weapons
   748 | D:1      | 748 ||| UPGRADING to +0 ring mail.
   758 | D:1      | 758 ||| DROPPING +0 leather armour.
   759 | D:1      | 759 ||| DROPPING scroll of butterflies.
   847 | D:2      | Reached XP level 4. HP: 27/27 MP: 4/4
   857 | D:2      | Reached skill level 1 in Armour
   873 | D:2      | Reached skill level 3 in Fighting
   996 | D:2      | Found a broken altar of Ashenzari.
  1009 | D:2      | Noticed Terence
  1022 | D:2      | HP: 6/28 [Terence/+0 short sword (5)]
  1027 | D:2      | HP: 4/28 [Terence/+0 short sword (2)]
  1031 | D:2      | Killed Terence
  1031 | D:2      | Slain by an adder

Levels and vault maps discovered:
D:1:      dpeg_arrival_three_bigger_balls, layout_loops_ring,
          minmay_heptomino_w4
D:2:      layout_loops_ring, basic_altar, st_stairs_4,
          minmay_misc_feat_enclosed, uniq_terence

Skill      XL: |  1  2  3  4 |
---------------+-------------+-----
Ranged Weapons | 5 |  5.4
Armour         | 1 |  1.0
Fighting       | 3 |  3.0
Dodging        | |  1.5
Stealth        | |  1.1

Action                     |  1- 3 |  4- 6 || total
---------------------------+-------+-------++-------
   Fire: Shortbow          |   145 |    48 ||   193
 Armour: Leather armour    |    35 |       ||    35
         Ring mail         |    17 |    46 ||    63
  Dodge: Dodged            |    47 |    27 ||    74

Table legend:
 A = Non-vault XP
 B = Vault XP
 C = Vault XP percentage of total XP
 D = Non-vault monster count
 E = Vault monster count
 F = Vault count percentage of total count
                 A         B        C        D         E       F
            +---------+---------+-------+---------+---------+-------
      Total |     121 |      52 |  30.1 |      45 |      11 |  19.6
            +---------+---------+-------+---------+---------+-------
        D:1 |      58 |      13 |  18.3 |      32 |       8 |  20.0
        D:2 |      63 |      39 |  38.2 |      13 |       3 |  18.8
            +---------+---------+-------+---------+---------+-------
